 Dungeon Crawl Stone Soup version 0.31-a0-303-gdc8c9485ea (webtiles) character file.

Game seed: 7214843236971191164

108707 lessens the Severer (level 16, -2/146 HPs)
             Began as a Yellow Draconian Fighter on July 17, 2023.
             Was a High Priest of Okawaru.
             Slain by a thorn hunter (9 damage)
             ... on level 2 of the Swamp.
             The game lasted 00:52:33 (30112 turns).

lessens the Severer (Yellow Draconian Fighter)     Turns: 30112, Time: 00:52:34

Health: -2/146     AC: 21    Str: 24    XL:     16   Next: 3%
Magic:  0/22       EV: 25    Int: 15    God:    Okawaru [*****.]
Gold:   647        SH:  0    Dex: 13    Spells: 15/15 levels left

rFire   + . .        a - +4 broad axe of Starshine {freeze, rPois Int+8}
rCold   . . .        (no shield)
rNeg    . . .        (body armour unavailable)
rPois   +            W - +2 hat
rElec   .            Z - +2 cloak
rCorr   +            G - +0 pair of gloves of the Swamp {rF+ Int-2 SInv}
SInv    +            K - +1 pair of boots {Fly}
Will    +....        w - amulet of guardian spirit
Stlth   +++          R - +4 ring of protection
HPRegen 0.44/turn    p - +5 ring of evasion
MPRegen 0.18/turn

%: guardian spirit
@: heroic, flying
A: spit acid, AC +9, unfitting armour, acidic bite, cold-blooded, acid
resistance
a: Breathe Acid, Renounce Religion, Heroism, Finesse, Duel


You were on level 2 of the Swamp.
You worshipped Okawaru.
Okawaru was extremely pleased with you.
You visited 4 branches of the dungeon, and saw 24 of its levels.

You collected 2159 gold pieces.
You spent 1512 gold pieces at shops.

Inventory:

Hand Weapons
 a - the +4 broad axe of Starshine (weapon) {freeze, rPois Int+8}
   (You bought it in a shop on level 2 of the Orcish Mines)

   Int:       It affects your intelligence (+8).
   rPois:     It protects you from poison.
 b - a +2 battleaxe of flaming
 v - a +2 heavy executioner's axe
Missiles
 d - 230 stones
 s - 31 poisoned darts (quivered)
 L - 5 curare-tipped darts
Armour
 h - a +0 pair of gloves of strength
 G - the +0 pair of gloves of the Swamp (worn) {rF+ Int-2 SInv}
   (Okawaru gifted it to you on level 7 of the Dungeon)

   Int:       It affects your intelligence (-2).
   rF:        It protects you from fire.
   SInv:      It lets you see invisible.
 K - a +1 pair of boots of flying (worn)
 W - a +2 hat (worn)
 Z - a +2 cloak (worn)
Jewellery
 k - a ring of protection from fire
 p - a +5 ring of evasion (right hand)
 w - an amulet of guardian spirit (around neck)
 R - a +4 ring of protection (left hand)
Wands
 i - a wand of digging (3)
 x - a wand of iceblast (8)
 E - a wand of light (13)
 O - a wand of polymorph (8)
 U - a wand of mindburst (5)
 Y - a wand of flame (10)
Scrolls
 g - 2 scrolls of torment
 l - 3 scrolls of fog
 m - 4 scrolls of enchant armour
 n - 2 scrolls of vulnerability
 q - 3 scrolls of teleportation
 y - 2 scrolls of amnesia
 H - 2 scrolls of enchant weapon
 J - 2 scrolls of brand weapon
 M - a scroll of poison
 N - 2 scrolls of silence
 V - a scroll of revelation
 X - 4 scrolls of blinking
Potions
 c - a potion of brilliance
 e - 2 potions of invisibility
 j - 6 potions of might
 r - 2 potions of cancellation
 t - 2 potions of berserk rage
 u - 4 potions of resistance
 z - 8 potions of curing
 A - 4 potions of haste
 B - 6 potions of ambrosia
 D - 6 potions of mutation
 F - 2 potions of attraction
 I - 2 potions of enlightenment
 Q - 3 potions of lignification
 S - 2 potions of heal wounds
Miscellaneous
 o - a phial of floods
 P - a condenser vane (inert)


   Skills:
 - Level 14.2(19.2) Fighting
 + Level 20.9(25.9) Axes
 - Level 12.9(17.9) Dodging
 - Level 3.0(8.0) Shields
 - Level 9.0 Invocations


You had 15 spell levels left.
You didn't know any spells.
Your spell library contained the following spells:

 Spells                   Type           Power      Damage    Failure   Level
 Apportation              Tloc           0%         N/A       26%         1
 Freeze                   Ice            0%         1d3       26%         1
 Magic Dart               Conj           0%         1d3       26%         1
 Necrotise                Necr           0%         1d4       26%         1
 Blink                    Tloc           0%         N/A       38%         2
 Ensorcelled Hibernation  Hex/Ice        0%         N/A       38%         2
 Lesser Beckoning         Tloc           0%         N/A       38%         2
 Momentum Strike          Conj/Tloc      0%         3d8       38%         2
 Searing Ray              Conj           0%         2d4       38%         2
 Frozen Ramparts          Ice            0%         1d1       63%         3
 Gell's Gravitas          Tloc           0%         N/A       63%         3
 Hailstorm                Conj/Ice       0%         3d3       63%         3
 Inner Flame              Hex/Fire       0%         N/A       63%         3
 Ozocubu's Armour         Ice            0%         N/A       63%         3
 Portal Projectile        Hex/Tloc       0%         N/A       63%         3
 Teleport Other           Tloc           0%         N/A       63%         3
 Volatile Blastmotes      Fire/Tloc      0%         2d10      63%         3
 Anguish                  Hex/Necr       0%         N/A       95%         4
 Fulminant Prism          Conj/Hex       0%         3d5       95%         4
 Iskenderun's Mystic Bla  Conj/Tloc      0%         2d3       95%         4
 Olgreb's Toxic Radiance  Pois           0%         N/A       95%         4
 Passage of Golubria      Tloc           0%         N/A       95%         4
 Petrify                  Tmut/Erth      0%         N/A       95%         4
 Metabolic Englaciation   Hex/Ice        0%         N/A       100%        5
 Yara's Violent Unravell  Hex/Tmut       0%         3d3       100%        5
 Dispersal                Tloc           0%         N/A       100%        6
 Enfeeble                 Hex            0%         N/A       100%        7
 Discord                  Hex            0%         N/A       100%        8
 Ignition                 Fire           0%         3d3       100%        8
 Summon Small Mammal      Summ           Unusable   N/A       N/A         1
 Tukima's Dance           Hex            Unusable   N/A       N/A         3
 Simulacrum               Ice/Necr       Unusable   N/A       N/A         6

Dungeon Overview and Level Annotations

Branches:
Dungeon (15/15) Zot: 25703  Temple (0/1) D:6            Lair (5/5) D:11 Zot: 23621
  Swamp (2/4) Lair:2 Zot: 10749  Spider (0/4) Lair:3        Slime (0/5) Lair:4
    Orc (2/2) D:12 Zot: 9932     Elf (0/3) Orc:2        Vaults (0/5) D:14
 Depths (0/4) D:15

Altars:
Cheibriados
Dithmenos
Fedhas
Gozag
Hepliaklqana
Kikubaaqudgha
Okawaru
Qazlal
Ru
Sif Muna
Trog
Vehumet
Wu Jian
Xom
Jiyva

Shops:
D:7 *   D:11 !   D:12 (*[   Orc:2 !!:((

Annotations:
D:3 1 runed translucent door, Crazy Yiuf
D:10 2 runed translucent doors


Innate Abilities, Weirdness & Mutations

You can spit globs of acid.
Your golden yellow scales are hard. (AC +9)
You cannot fit into any form of body armour.
You have acidic saliva.
You are cold-blooded and may be slowed by cold attacks.
You are resistant to acid. (rCorr)


Message History

A bunyip is nearby!
A thorn hunter comes into view.
Found a stone staircase leading up.
The thorn hunter fires a volley of thorns at you.
The volley of thorns hits you!!
You closely miss the bunyip.
The thorn hunter fires a volley of thorns at you.
The volley of thorns hits you! The bunyip claws you!
The bunyip completely misses you. The bunyip claws you!
You hit the bunyip but do no damage. You slash the bunyip!
You freeze the bunyip.
The bunyip is lightly wounded.
You barely miss the bunyip. You tail-slap the bunyip.
The bunyip is lightly wounded.
You gain the combat prowess of a mighty hero.
The bunyip claws you! The bunyip completely misses you.
The bunyip closely misses you.
The thorn hunter fires a volley of thorns at you.
The volley of thorns hits you!! The thorn hunter barely misses you. x2
You slash the thorn hunter! You freeze the thorn hunter.
The thorn hunter is lightly damaged.
You barely miss the bunyip. You slash the thorn hunter!
You freeze the thorn hunter!
The thorn hunter is moderately damaged.
You hit the bunyip but do no damage.
The thorn hunter gestures.
Thorny briars emerge from the ground!
You hit the thorn hunter. You freeze the thorn hunter.
The thorn hunter is heavily damaged.
You closely miss the bunyip.
The bunyip claws you! x2; The bunyip claws you!!
* * * LOW HITPOINT WARNING * * *
The thorn hunter fires a volley of thorns at you.
The volley of thorns hits you!!!
* * * LOW HITPOINT WARNING * * *
You cut the thorn hunter into ribbons!!!
You freeze the thorn hunter! You bite the thorn hunter.
The acid corrodes the thorn hunter!
The thorn hunter is almost destroyed.
You slash the bunyip! You freeze the bunyip. The thorn hunter hits you!
You die...

.~§~..~~)§~~...>.♣♣♣
.~~~..~~.~~~[.~♣♣♣♣♣ .
.~~~♣......[.~.♣♣~~~ ..
..♣♣.~~~~~~>♣♣♣....~ ...
~.♣~.~~~~~~.♣ ♣~..~^
.<.~ ♣~.~~~~§~~♣ ♣♣♣..~
♣.~.♣♣♣♣♣~.PP~~♣ ♣~...♣
♣♣....♣♣♣~.PP~~♣♣..♣~.~
♣~..§f@~..♣.~~~♣♣~~♣~~.
♣~.~~~x~~.♣.~~~.♣♣♣♣♣♣.
~..♣♣....~~.PP.......~~.
. ♣♣♣♣..~.PP♣♣~..~§~~~
♣♣♣♣♣♣♣♣♣♣♣~~~~§~
♣.~~~~~ ♣~..~~~ ♣♣...~~
.~♣♣♣♣


You could see a thorn hunter (corroded) and a bunyip.

Vanquished Creatures
  Saint Roka (Orc:2)
  Gastronok (Lair:2)
  Nessos (Lair:3)
  2 bunyips (Swamp:1)
  A rakshasa (D:10)
  4 vault guards (D:14)
  Harold (Lair:1)
  Erolcha (Orc:2)
  2 catoblepae
  8 hydras
  7 centaur warriors
  A death knight (D:14)
  8 boulder beetles
  2 alligators
  5 tengu warriors
  3 death yaks (Lair:5)
  2 two-headed ogres
  Urug (Lair:1)
  Sonja (Lair:3)
  3 spriggans (Swamp:2)
  Nergalle (Lair:2)
  Amaemon (D:7)
  4 skysharks
  4 goliath frogs
  A bog body (Lair:2)
  2 swamp dragons (Swamp:1)
  6 deep elf pyromancers
  Pikel (D:6)
  3 orc knights
  A wizard (D:14)
  6 ugly things
  10 orc sorcerers (Orc:2)
  4 cyclopes
  A salamander (shapeshifter) (D:13)
  A wolf spider (D:15)
  7 manticores
  2 will-o-the-wisps (Swamp:1)
  Maurice (D:8)
  8 elephants (Lair:5)
  10 black mambas
  A torpor snail (Lair:5)
  2 unseen horrors (D:11)
  2 gargoyles
  9 cane toads
  An orange demon (D:8)
  4 tengu conjurers
  7 komodo dragons
  A polar bear (Lair:1)
  10 trolls
  4 meliai
  A queen bee (shapeshifter) (D:15)
  6 tyrant leeches
  3 hornets (Swamp:2)
  20 blink frogs
  2 dream sheep (Lair:5)
  15 slime creatures
  A jumping spider (shapeshifter) (D:14)
  3 shadows
  3 vampires
  8 wyverns
  4 wraiths
  45 yaks
  2 redbacks (Lair:3)
  2 steam dragons
  A steam dragon (shapeshifter) (D:15)
  2 basilisks (Lair:4)
  2 wargs
  17 vampire mosquitoes
  2 swamp worms
  4 acid dragons
  19 water moccasins
  Duvessa (D:6)
  4 black bears
  2 sky beasts
  29 orc warriors
  3 swamp drakes (Swamp:1)
  A meliai simulacrum (D:10)
  6 ice beasts
  7 centaurs
  16 ogres
  4 phantoms
  5 wolves (Lair:2)
  3 lemures (D:6)
  3 kobold brigands
  Blork the orc (D:4)
  12 bullfrogs
  2 scorpions
  3 gnoll sergeants
  6 wights
  Dowan (D:6)
  13 killer bees
  3 electric eels
  A howler monkey (D:8)
  5 jellies
  A gnoll bouda (D:7)
  15 orc priests
  7 hounds
  2 sleepcaps (D:7)
  2 iguanas
  39 orc wizards
  6 hell rats (Lair:5)
  Robin (D:4)
  11 gnolls
  10 adders
  2 shadow imps (D:7)
  3 ufetubi
  3 worms
  2 dart slugs
  86 orcs
  8 endoplasms
  2 giant cockroaches
  17 goblins
  16 hobgoblins
  4 jackals (D:1)
  4 quokkas
  10 ball pythons
  5 bats
  3 frilled lizards
  16 kobolds
  7 rats
  A spectral hobgoblin (D:8)
746 creatures vanquished.

Vanquished Creatures (others)
  An ugly thing (D:14)
  A bloated husk (Swamp:2)
  An orc wizard (Orc:2)
  12 foxfires (Swamp:1)
15 creatures vanquished.

Grand Total: 761 creatures vanquished

Notes
Turn   | Place    | Note
-------+----------+-------------------------------------------
     0 | D:1      | lessens the Draconian Fighter began the quest for the Orb.
     0 | D:1      | Reached XP level 1. HP: 19/19 MP: 1/1
    14 | D:1      | Reached skill level 3 in Axes
    14 | D:1      | Reached XP level 2. HP: 24/26 MP: 2/2
   438 | D:1      | Reached XP level 3. HP: 28/31 MP: 3/3
   928 | D:1      | Found a faded altar of an unknown god.
  1331 | D:2      | Reached skill level 4 in Axes
  1538 | D:2      | Reached XP level 4. HP: 24/38 MP: 4/4
  2065 | D:3      | Identified the +0 mace "Dragonbane" {heavy, Will+}
  2177 | D:3      | Found an ornate altar of the Wu Jian Council.
  2885 | D:3      | Found a blossoming altar of Fedhas.
  3152 | D:3      | Found a runed translucent door.
  3153 | D:3      | Noticed Crazy Yiuf
  3195 | D:4      | Reached skill level 5 in Axes
  3272 | D:4      | Noticed Robin
  3283 | D:4      | Reached XP level 5. HP: 45/45 MP: 5/5
  3285 | D:4      | Killed Robin
  3369 | D:4      | Reached skill level 6 in Axes
  3592 | D:4      | Noticed Blork the orc
  3604 | D:4      | Killed Blork the orc
  3605 | D:4      | Reached XP level 6. HP: 48/51 MP: 4/6
  3689 | D:4      | Reached skill level 7 in Axes
  4008 | D:4      | Found a stormy altar of Qazlal.
  4114 | D:4      | Your scales start taking on a golden yellow colour.
  4114 | D:4      | Reached XP level 7. HP: 55/57 MP: 4/7
  4114 | D:4      | Gained mutation: You are resistant to acid. (rCorr) [Yellow
                  | Draconian growth]
  4480 | D:5      | Entered Level 5 of the Dungeon
  4489 | D:5      | Found a sacrificial altar of Ru.
  4565 | D:5      | Reached skill level 8 in Axes
  4742 | D:5      | Found a shadowy altar of Dithmenos.
  5038 | D:5      | Reached skill level 9 in Axes
  5042 | D:5      | Reached XP level 8. HP: 19/63 MP: 5/8
  5221 | D:5      | Found an iron altar of Okawaru.
  5222 | D:5      | Found an opulent altar of Gozag.
  5222 | D:5      | Found a shimmering altar of Xom.
  5234 | D:5      | Became a worshipper of Warmaster Okawaru
  5702 | D:6      | Reached skill level 10 in Axes
  5742 | D:6      | Noticed Pikel
  5759 | D:6      | Reached * piety under Okawaru
  5767 | D:6      | Reached skill level 11 in Axes
  5771 | D:6      | Killed Pikel
  5772 | D:6      | Reached XP level 9. HP: 16/70 MP: 1/9
  5875 | D:6      | Found a bloodstained altar of Trog.
  5880 | D:6      | Reached skill level 12 in Axes
  5994 | D:6      | Found a staircase to the Ecumenical Temple.
  6062 | D:6      | Reached ** piety under Okawaru
  6063 | D:6      | Reached skill level 1 in Invocations
  6322 | D:6      | Noticed Dowan
  6324 | D:6      | Noticed Duvessa
  6335 | D:6      | Killed Duvessa
  6336 | D:6      | Killed Dowan
  6968 | D:7      | Reached skill level 13 in Axes
  6976 | D:7      | Reached *** piety under Okawaru
  7404 | D:7      | Found Zyluop's Assorted Antiques.
  7621 | D:7      | Noticed a meliai
  7791 | D:7      | Noticed a deep elf pyromancer
  8047 | D:7      | Killed a meliai
  8068 | D:7      | Killed a deep elf pyromancer
  8069 | D:7      | Reached skill level 5 in Invocations
  8069 | D:7      | Reached XP level 10. HP: 26/77 MP: 1/13
  8316 | D:7      | Reached skill level 14 in Axes
  8565 | D:7      | Reached **** piety under Okawaru
  8584 | D:7      | Noticed a boulder beetle
  8601 | D:7      | Killed a boulder beetle
  8601 | D:7      | Reached ***** piety under Okawaru
  9063 | D:7      | Reached skill level 15 in Axes
  9104 | D:7      | Noticed a boulder beetle
  9112 | D:7      | Killed a boulder beetle
  9113 | D:7      | Reached skill level 5 in Fighting
  9125 | D:7      | Reached XP level 11. HP: 74/88 MP: 12/15
  9150 | D:7      | Noticed a five-headed hydra
  9159 | D:7      | Killed a one-headed hydra
  9577 | D:8      | Noticed Amaemon
  9590 | D:7      | HP: 2/89 [poisoned by a gnoll sergeant]
  9593 | D:7      | Killed Amaemon
  9593 | D:7      | Identified the +0 pair of gloves of the Swamp {rF+ Int-2
                  | SInv} (Okawaru gifted it to you on level 7 of the Dungeon)
  9593 | D:7      | Received a gift from Okawaru
 10218 | D:8      | Noticed Maurice
 10264 | D:8      | Killed Maurice
 10346 | D:8      | Found a hazy altar of Hepliaklqana.
 10419 | D:8      | Reached skill level 16 in Axes
 11113 | D:9      | Noticed a two-headed ogre
 11120 | D:9      | Killed a two-headed ogre
 11794 | D:9      | Found a shimmering blue altar of Sif Muna.
 11971 | D:10     | Entered Level 10 of the Dungeon
 12224 | D:10     | Noticed an eight-headed hydra
 12237 | D:10     | Killed a four-headed hydra
 12238 | D:10     | Reached skill level 17 in Axes
 12336 | D:10     | Noticed a rakshasa
 12340 | D:10     | Noticed a boulder beetle
 12578 | D:10     | Killed a boulder beetle
 12705 | D:10     | Identified the +0 buckler of Hairiness {Drain Fly rF+++
                  | rC-} (Okawaru gifted it to you on level 10 of the Dungeon)
 12705 | D:10     | Received a gift from Okawaru
 12736 | D:10     | Noticed a boulder beetle
 12748 | D:10     | Killed a boulder beetle
 12749 | D:10     | Reached XP level 12. HP: 57/97 MP: 8/16
 12970 | D:10     | Killed a rakshasa
 13247 | D:10     | Found a runed translucent door.
 13248 | D:10     | Noticed a centaur warrior
 13248 | D:10     | Noticed a tengu warrior
 13248 | D:10     | Noticed a two-headed ogre
 13249 | D:10     | Found a runed translucent door.
 13250 | D:10     | Found a runed translucent door.
 13300 | D:10     | Reached skill level 18 in Axes
 14012 | D:10     | Killed a two-headed ogre
 14017 | D:10     | Killed a centaur warrior
 14035 | D:10     | Killed a tengu warrior
 14214 | D:11     | Found Xoll's Distillery.
 14223 | D:11     | Bought a potion of brilliance for 52 gold pieces
 14223 | D:11     | Bought a potion of mutation for 104 gold pieces
 14223 | D:11     | Bought a potion of attraction for 39 gold pieces
 14223 | D:11     | Bought a potion of degeneration for 13 gold pieces
 14490 | D:11     | Reached skill level 19 in Axes
 14626 | D:11     | Found a staircase to the Lair.
 15078 | D:12     | Noticed a boulder beetle
 15095 | D:12     | Received a gift from Okawaru
 15102 | D:12     | Killed a boulder beetle
 15121 | D:12     | Found Olonwuoz's Elemental Accessories.
 15164 | Lair:1   | Entered Level 1 of the Lair of Beasts
 15366 | Lair:1   | Reached skill level 20 in Axes
 15386 | Lair:1   | Reached XP level 13. HP: 77/104 MP: 12/17
 15462 | Lair:1   | Noticed Harold
 15517 | Lair:1   | Killed Harold
 15538 | Lair:1   | Noticed Urug
 15549 | Lair:1   | Killed Urug
 16378 | Lair:2   | Found a staircase to the Swamp.
 16388 | Lair:2   | Reached ****** piety under Okawaru
 16500 | Lair:2   | Noticed Gastronok
 16513 | Lair:2   | Reached skill level 5 in Dodging
 16531 | Lair:2   | Killed Gastronok
 17005 | Lair:2   | Noticed Nergalle
 17071 | Lair:2   | Killed Nergalle
 17514 | Lair:3   | Noticed Sonja
 17520 | Lair:3   | Killed Sonja
 17520 | Lair:3   | Received a gift from Okawaru
 18191 | Lair:3   | Found a hole to the Spider Nest.
 18241 | Lair:3   | Noticed Nessos
 18262 | Lair:3   | Killed Nessos
 18884 | Lair:4   | Found a staircase to the Slime Pits.
 18884 | Lair:4   | Found a viscous altar of Jiyva.
 19830 | Lair:4   | Received a gift from Okawaru
 19831 | Lair:4   | Gained mutation: You have acidic saliva. [Yellow Draconian
                  | growth]
 19831 | Lair:4   | Reached XP level 14. HP: 100/113 MP: 18/20
 19950 | Lair:5   | Entered Level 5 of the Lair of Beasts
 20774 | Lair:5   | Identified the +3 buckler of the Camelopard {SInv} (Okawaru
                  | gifted it to you on level 5 of the Lair of Beasts)
 20774 | Lair:5   | Received a gift from Okawaru
 21527 | D:12     | Found a snail-covered altar of Cheibriados.
 21547 | D:12     | Reached skill level 10 in Fighting
 22010 | D:12     | Found Doimidgh's Armour Shoppe.
 22010 | D:12     | Found a staircase to the Orcish Mines.
 22012 | D:12     | Found Yvuutus's Weapon Shoppe.
 22021 | D:12     | Bought a +1 pair of boots of flying for 264 gold pieces
 22381 | Orc:1    | Entered Level 1 of the Orcish Mines
 22435 | Orc:1    | Reached skill level 10 in Dodging
 22812 | Orc:2    | Entered Level 2 of the Orcish Mines
 22850 | Orc:2    | Found Epnost's Antique Weapon Emporium.
 22857 | Orc:2    | Noticed Saint Roka
 22860 | Orc:2    | Paralysed by an orc sorcerer for 4 turns
 23510 | Orc:2    | Killed Saint Roka
 23674 | Orc:2    | Found a staircase to the Elven Halls.
 24104 | Orc:2    | Found a radiant altar of Vehumet.
 24104 | Orc:2    | Noticed Erolcha
 24120 | Orc:2    | Killed Erolcha
 24213 | Orc:2    | Found an ancient bone altar of Kikubaaqudgha.
 24242 | Orc:2    | Identified the -2 pair of gloves of Oblivion {Regen+ Dex+2}
                  | (Okawaru gifted it to you on level 2 of the Orcish Mines)
 24242 | Orc:2    | Received a gift from Okawaru
 24244 | Orc:2    | Found Neddypi's Antique Weapon Boutique.
 24348 | Orc:2    | Found Deom's Book Boutique.
 24350 | Orc:2    | Found Wuennow's Distillery.
 24360 | Orc:2    | Reached XP level 15. HP: 126/130 MP: 19/21
 24370 | Orc:2    | Found Icsush's Distillery.
 24375 | Orc:2    | Bought a potion of haste for 140 gold pieces
 24375 | Orc:2    | Bought a potion of haste for 140 gold pieces
 24375 | Orc:2    | Bought a potion of might for 56 gold pieces
 24375 | Orc:2    | Bought a potion of might for 56 gold pieces
 24398 | Orc:2    | Bought a potion of curing for 42 gold pieces
 24398 | Orc:2    | Bought a potion of curing for 42 gold pieces
 24398 | Orc:2    | Bought a potion of might for 56 gold pieces
 24398 | Orc:2    | Bought a potion of might for 56 gold pieces
 24398 | Orc:2    | Bought a potion of curing for 42 gold pieces
 24398 | Orc:2    | Bought a potion of haste for 140 gold pieces
 24421 | Orc:2    | Bought a crystal broad axe for 270 gold pieces
 24421 | Orc:2    | Identified the +4 broad axe of Starshine {freeze, rPois
                  | Int+8} (You bought it in a shop on level 2 of the Orcish
                  | Mines)
 26166 | D:14     | Found a gate to the Vaults.
 26295 | D:14     | Received a gift from Okawaru
 27137 | D:15     | Entered Level 15 of the Dungeon
 27323 | D:15     | Found a staircase to the Depths.
 28010 | D:15     | Found a snail-covered altar of Cheibriados.
 28143 | D:15     | Identified the +1 hat "Iruge" {Dex+2} (Okawaru gifted it to
                  | you on level 15 of the Dungeon)
 28143 | D:15     | Received a gift from Okawaru
 28496 | Swamp:1  | Entered Level 1 of the Swamp
 29708 | Swamp:2  | Reached XP level 16. HP: 89/146 MP: 13/22
 30101 | Swamp:2  | Noticed a thorn hunter
 30111 | Swamp:2  | HP: 6/146 [thorn hunter/volley of thorns (34)]
 30112 | Swamp:2  | Slain by a thorn hunter

Illustrated notes

Levels and vault maps discovered:
D:1:      reono_arrival_forest_river, layout_basic,
          shapermc_ecumenical_altar_petra, dreamdust_princess_corridor
D:2:      layout_loops_corners
D:3:      layout_loops_corners, nicolae_overflow_hidden_temple,
          mainiacjoe_overflow_six_doors_small, kennysheep_generic_room_14,
          uniq_crazy_yiuf_cottage
D:4:      layout_gridville, mainiacjoe_overflow_tiny_flanked,
          kennysheep_another_room, minivault_4, nicolae_half_adder, uniq_robin,
          uniq_blork_the_orc
D:5:      layout_basic, nicolae_dithmenos_the_darkroom, nicolae_ru_awakened_eye,
          chequers_temple_overflow_statue_of_worship
D:6:      layout_cave_pools, mainiacjoe_overflow_alcove_2,
          minmay_temple_entry_slanted, lightli_minifort, uniq_pikel,
          uniq_duvessa
D:7:      nzn_winding_woodlands_large [nzn_winding_woodlands_5x5_open_star,
          nzn_winding_woodlands_5x15_sidewinder,
          nzn_winding_woodlands_5x5_default,
          nzn_winding_woodlands_center_pierced_h,
          nzn_winding_woodlands_15x15_eel_pit,
          nzn_winding_woodlands_center_lodge,
          nzn_winding_woodlands_5x5_perimeter,
          nzn_winding_woodlands_5x15_garden,
          nzn_winding_woodlands_5x5_checkerboard], layout_basic, serial_shops,
          nicolae_shop_hallway_stairs, minmay_fractal_squares_diagonal_5
D:8:      layout_cave_pools, nicolae_hepliaklqana_monster_ancestors,
          uniq_amaemon, uniq_maurice
D:9:      layout_basic, led_sif_pool
D:10:     minmay_the_grid_four_pointed_star_mashed
          [minmay_the_grid_triangle_9x9_shrine,
          minmay_the_grid_triangle_9x9_fully_insulated_deathbox,
          minmay_the_grid_triangle_9x9_zippers_horizontal,
          minmay_the_grid_triangle_9x9_pentomino_pain,
          minmay_the_grid_prize_inner_circle], layout_stronghold
D:11:     layout_irregular_city, lair_entry_dummy, serial_shops,
          nicolae_shop_tiny_statue_garden
D:12:     layout_cave_pools, orc_david_3, roderic_roman_lattice,
          roderic_cross_of_infinity, nicolae_elemental_shop,
          kennysheep_slug_shrine
D:13:     layout_loops_ring, grunt_tough_drop
D:14:     layout_basic, lightli_vaults_fourway_checkpoint, hangedman_glass_teeth
D:15:     hangedman_depths_entry_try_elsewhere_first, layout_basic, basic_altar
Lair:1:   layout_chaotic_city, nicolae_quartered_pool_little, uniq_urug,
          uniq_harold
Lair:2:   layout_regular_city, skrybe_swamp_entry_bodies, uniq_gastronok,
          uniq_nergalle
Lair:3:   layout_chaotic_city, spider_nest_entry_webs, lemuel_fruit_fields,
          uniq_sonja, uniq_nessos
Lair:4:   layout_misc_corridors, nicolae_slime_entry_slimehenge,
          serial_bayou_shore_b
Lair:5:   hangedman_lair_in_review, layout_gridlike, grunt_megastairs_4
Swamp:1:  layout_falls_marsh, hangedman_swamp_ruin_hall, swamp_pool5,
          infiniplex_staircase_pool
Swamp:2:  layout_basic_swamp, hangedman_swamp_pad, swamp_pool5, st_swamp_ruins_3
Orc:1:    layout_caves
Orc:2:    kennysheep_orc_mage_school, layout_diamond_mine, serial_shops, shop,
          mines1_david, uniq_saint_roka

Skill      XL: |  1  2  3  4  5  6  7  8  9 10 11 12 13 14 15 |
---------------+----------------------------------------------+-----
Axes           | 3 4 5 6 7 9 11 13 15 17 20 | 20.9
Invocations    | 5 9 |  9.0
Dodging        | 4 7 10 12 | 12.9
Fighting       | 5 6 7 11 14 | 14.2
Shields        | |  3.0

Action                     |  1- 3 |  4- 6 |  7- 9 | 10-12 | 13-15 | 16-18 || total
---------------------------+-------+-------+-------+-------+-------+-------++-------
  Melee: War axe           |    96 |   181 |   264 |    64 |       |       ||   605
         Tailslap          |     5 |    19 |    32 |    82 |   204 |     4 ||   346
         Battleaxe         |       |       |       |   428 |  1060 |       ||  1488
         Bite              |       |       |       |       |   103 |     4 ||   107
         Broad axe         |       |       |       |       |   100 |    30 ||   130
         Punch             |       |       |       |       |     2 |       ||     2
  Throw: Dart              |       |       |       |     6 |       |       ||     6
 Invoke: Heroism           |       |       |     2 |     5 |    11 |     1 ||    19
Ability: Breathe Acid      |       |       |    16 |    21 |     1 |       ||    38
  Evoke: Wand              |       |       |     7 |     3 |     1 |       ||    11
         Condenser vane    |       |       |       |     1 |     2 |       ||     3
         Phial of floods   |       |       |       |     1 |     1 |       ||     2
    Use: Potion            |       |       |     3 |     5 |     3 |       ||    11
         Scroll            |       |       |    11 |    10 |    12 |       ||    33
   Stab: Sleeping          |     2 |     2 |       |       |     7 |       ||    11
         Invisible         |       |       |     1 |     1 |       |       ||     2
         Distracted        |       |       |       |       |     2 |       ||     2
         Petrified         |       |       |       |       |     3 |       ||     3
         Confused          |       |       |       |       |     1 |       ||     1
 Armour: Skin              |    23 |    45 |    78 |   133 |   316 |     3 ||   598
  Dodge: Dodged            |    58 |   129 |   241 |   419 |   929 |    20 ||  1796
  Block: Buckler           |    22 |    42 |    91 |     8 |       |       ||   163

Table legend: (Time is in decaauts)
 A = Elapsed time spent in this place.
 B = Non-inter-level travel time spent in this place.
 C = Inter-level travel time spent in this place.
 D = Time resting spent in this place.
 E = Time spent auto-exploring this place.
 F = Levels seen in this place.
 G = Mean time per level.
                   A        B        C        D        E       F      G
               +--------+--------+--------+--------+--------+-----+--------+
         Total |  29791 |  28585 |   1206 |   4515 |  19383 |  24 | 1241.3 |
       Dungeon |  20095 |  19275 |    820 |   2557 |  13752 |  15 | 1339.7 |
          Lair |   6378 |   6152 |    226 |   1155 |   3991 |   5 | 1275.6 |
         Swamp |   1249 |   1212 |     37 |    338 |    664 |   2 |  624.5 |
  Orcish Mines |   2067 |   1945 |    122 |    465 |    976 |   2 | 1033.5 |
               +--------+--------+--------+--------+--------+-----+--------+

Top non-repeatable levels by time:
     D:7: 2988 daAuts
    D:10: 2211 daAuts
    D:14: 1564 daAuts
  Lair:2: 1554 daAuts
  Lair:5: 1448 daAuts
     D:4: 1315 daAuts
    D:15: 1244 daAuts
  Lair:3: 1234 daAuts
    D:11: 1228 daAuts
     D:5: 1223 daAuts
  Lair:4: 1165 daAuts
     D:3: 1140 daAuts
   Orc:2: 1128 daAuts
     D:8: 1112 daAuts
     D:1: 1105 daAuts

Levels and vault maps discovered:
D:1:      reono_arrival_forest_river, layout_basic,
          shapermc_ecumenical_altar_petra, dreamdust_princess_corridor
D:2:      layout_loops_corners
D:3:      layout_loops_corners, nicolae_overflow_hidden_temple,
          mainiacjoe_overflow_six_doors_small, kennysheep_generic_room_14,
          uniq_crazy_yiuf_cottage
D:4:      layout_gridville, mainiacjoe_overflow_tiny_flanked,
          kennysheep_another_room, minivault_4, nicolae_half_adder, uniq_robin,
          uniq_blork_the_orc
D:5:      layout_basic, nicolae_dithmenos_the_darkroom, nicolae_ru_awakened_eye,
          chequers_temple_overflow_statue_of_worship
D:6:      layout_cave_pools, mainiacjoe_overflow_alcove_2,
          minmay_temple_entry_slanted, lightli_minifort, uniq_pikel,
          uniq_duvessa
D:7:      nzn_winding_woodlands_large [nzn_winding_woodlands_5x5_open_star,
          nzn_winding_woodlands_5x15_sidewinder,
          nzn_winding_woodlands_5x5_default,
          nzn_winding_woodlands_center_pierced_h,
          nzn_winding_woodlands_15x15_eel_pit,
          nzn_winding_woodlands_center_lodge,
          nzn_winding_woodlands_5x5_perimeter,
          nzn_winding_woodlands_5x15_garden,
          nzn_winding_woodlands_5x5_checkerboard], layout_basic, serial_shops,
          nicolae_shop_hallway_stairs, minmay_fractal_squares_diagonal_5
D:8:      layout_cave_pools, nicolae_hepliaklqana_monster_ancestors,
          uniq_amaemon, uniq_maurice
D:9:      layout_basic, led_sif_pool
D:10:     minmay_the_grid_four_pointed_star_mashed
          [minmay_the_grid_triangle_9x9_shrine,
          minmay_the_grid_triangle_9x9_fully_insulated_deathbox,
          minmay_the_grid_triangle_9x9_zippers_horizontal,
          minmay_the_grid_triangle_9x9_pentomino_pain,
          minmay_the_grid_prize_inner_circle], layout_stronghold
D:11:     layout_irregular_city, lair_entry_dummy, serial_shops,
          nicolae_shop_tiny_statue_garden
D:12:     layout_cave_pools, orc_david_3, roderic_roman_lattice,
          roderic_cross_of_infinity, nicolae_elemental_shop,
          kennysheep_slug_shrine
D:13:     layout_loops_ring, grunt_tough_drop
D:14:     layout_basic, lightli_vaults_fourway_checkpoint, hangedman_glass_teeth
D:15:     hangedman_depths_entry_try_elsewhere_first, layout_basic, basic_altar
Lair:1:   layout_chaotic_city, nicolae_quartered_pool_little, uniq_urug,
          uniq_harold
Lair:2:   layout_regular_city, skrybe_swamp_entry_bodies, uniq_gastronok,
          uniq_nergalle
Lair:3:   layout_chaotic_city, spider_nest_entry_webs, lemuel_fruit_fields,
          uniq_sonja, uniq_nessos
Lair:4:   layout_misc_corridors, nicolae_slime_entry_slimehenge,
          serial_bayou_shore_b
Lair:5:   hangedman_lair_in_review, layout_gridlike, grunt_megastairs_4
Swamp:1:  layout_falls_marsh, hangedman_swamp_ruin_hall, swamp_pool5,
          infiniplex_staircase_pool
Swamp:2:  layout_basic_swamp, hangedman_swamp_pad, swamp_pool5, st_swamp_ruins_3
Orc:1:    layout_caves
Orc:2:    kennysheep_orc_mage_school, layout_diamond_mine, serial_shops, shop,
          mines1_david, uniq_saint_roka
